 Dungeon Sprint DCSS version 0.21.1-1-g345015f (webtiles) character file.

19293 Fang the Warrior (level 12, -6/127 HPs)
             Began as a Minotaur Berserker on May 2, 2018.
             Was the Champion of Trog.
             Mangled by a shadow wraith (7 damage)
             ... in the Dungeon (Sprint V: "Ziggurat Sprint").
             The game lasted 00:04:55 (1147 turns).

Fang the Warrior (Minotaur Berserker)               Turns: 1147, Time: 00:04:55

Health: -6/127     AC: 24    Str: 35    XL:     12   Next: 35%
Magic:  11/11      EV: 14    Int:  4    God:    Trog [******]
Gold:   0          SH:  0    Dex: 11    Spells: 11/11 levels left

rFire    + . .     SeeInvis .   E - +7 long sword of the Countless Wonders {speed, Stlth+}
rCold    . . .     Gourm    .   (no shield)
rNeg     . . .     Faith    .   j - +5 shadow dragon scales
rPois    .         Spirit   .   (helmet restricted)
rElec    +         Reflect  .   (no cloak)
rCorr    .         Harm     .   B - +2 pair of gloves {Str+3}
MR       .....     NoTele   +   (no boots)
Stlth    ++++......             (no amulet)
HPRegen  0.31/turn              G - ring of flight
MPRegen  0.12/turn              D - ring of the Bruised Emperors {rElec rF+ Str+6}

@: marked, berserk cooldown, slowed, studying Staves, very slow
A: retaliatory headbutt, horns 2
a: Berserk, Trog's Hand, Brothers in Arms, Burn Spellbooks, Renounce Religion,
Evoke Flight


You were in the Dungeon.
You worshipped Trog.
Trog was exalted by your worship.
You were near starving.

You visited 1 branch

Inventory:

Hand Weapons
 k - a +5 executioner's axe
 l - a +5 demon trident of flaming
 E - the +7 long sword of the Countless Wonders (weapon) {speed, Stlth+}
   (You found it in the Dungeon)

   Attacks with this weapon are significantly faster.
   It makes you more stealthy.
Missiles
 C - 5 tomahawks of returning (quivered)
Armour
 j - +5 shadow dragon scales (worn)
 B - a +2 pair of gloves of strength (worn)
Jewellery
 D - the ring of the Bruised Emperors (right hand) {rElec rF+ Str+6}
   (You found it in the Dungeon)

   [ring of protection from fire]

   It affects your strength (+6).
   It protects you from fire.
   It insulates you from electricity.
 G - a ring of flight (left hand)
Wands
 x - a wand of disintegration (6)
 y - a wand of iceblast (7)
 z - a wand of acid (7)
Scrolls
 i - 4 scrolls of blinking
 m - 8 scrolls of fog
 n - a scroll of holy word
 o - 5 scrolls of identify
 p - 5 scrolls of remove curse
 q - 2 scrolls of fear
 A - a scroll of brand weapon
Potions
 d - 10 potions of curing
 e - 10 potions of heal wounds
 f - 6 potions of haste
 g - 7 potions of magic
 h - 3 potions of berserk rage
 r - 2 potions of brilliance
 s - 2 potions of invisibility
 t - 4 potions of resistance
 v - 5 potions of agility
 w - 5 potions of might
Books
 b - a manual of Staves
Comestibles
 c - 9 rations


   Skills:
 + Level 17.8 Fighting
 + Level 1.4 Long Blades
 + Level 14.2(17.5) Axes
 + Level 17.3(19.1) Polearms
 + Level 3.2(12.1) Staves
 + Level 13.6 Armour
 + Level 9.4 Dodging
 + Level 3.6 Stealth


You had 11 spell levels left.
You didn't know any spells.

Dungeon Overview and Level Annotations

Branches:
Dungeon (1/1)

Altars:
Ashenzari
Cheibriados
Dithmenos
Elyvilon
Fedhas
Gozag
Hepliaklqana
Kikubaaqudgha
Makhleb
Nemelex Xobeh
Okawaru
Qazlal
Ru
Sif Muna
Trog
Uskayaw
Vehumet
Wu Jian
Xom
Yredelemnul
Zin
The Shining One
Beogh
Jiyva
Lugonu

Annotations:
D 1 transporter


Innate Abilities, Weirdness & Mutations

You reflexively headbutt those who attack you in melee.
You have a pair of horns on your head.


Message History

Something hits you but does no damage.
The vault sentinel casts a spell at you.
You barely resist.
The vault sentinel points at you and mumbles some strange words.
The mark upon you grows brighter.
Evoke which item? (* to show all) (? for menu, Esc to quit)
Aiming: Disintegrate
Press: ? - help, Shift-Dir - straight line, f - vault sentinel
Aim: a vault sentinel, wielding a long sword and wearing a scale mail (catching its breath, chance to defeat MR: 48%)
The vault sentinel resists with some effort.
The vault guard hits you from afar with a halberd!
Something hits you!
The vault warden hits you with a war axe of freezing!!
* * * LOW HITPOINT WARNING * * *
The vault warden freezes you!
* * * LOW HITPOINT WARNING * * *
The vault sentinel hits you but does no damage. x2
The vault guard hits you but does no damage.
Something hits you!
You die...

▓....©....▓...©...▓
▓▓▓▓▓▓▓▓▓▓▓▓▓▓▓▓▓▓▓
▓...8©8...▓
▓..)||=}..▓
▓....=|[..▓
▓.........▓
▓......p..▓
▓....ppp..▓
▓....{@...▓
▓.▓.....▓.▓
▓....©....▓
▓▓▓▓▓▓▓▓▓▓▓


You could see a vault warden, a vault guard and 2 vault sentinels.

Vanquished Creatures
  2 tentacled starspawn (D)
  2 vault guards (D)
  2 two-headed ogres (D)
  A glowing orange brain (D)
  A large abomination (D)
  A salamander (shapeshifter) (D)
  A smoke demon (D)
  4 rime drakes (D)
  An ancient zyme (D)
  A troll (D)
  A slime creature (D)
  3 wyverns (D)
  A ynoxinul (D)
  A fire elemental (D)
  A steam dragon (D)
  An acid dragon (D)
  A porcupine (D)
  2 hell hounds (D)
  A swamp drake (D)
  3 orc warriors (D)
  A boggart (D)
  An ogre (D)
  A bullfrog (D)
  4 quasits (D)
  An orc wizard (D)
  An iron imp (D)
  3 iguanas (D)
  A white imp (D)
  An ufetubus (D)
  3 orcs (D)
  A fire vortex (D)
  4 starspawn tentacles (D)
53 creatures vanquished.

Vanquished Creatures (others)
  A starspawn tentacle (D)
1 creature vanquished.

Grand Total: 54 creatures vanquished

Notes
Turn   | Place    | Note
-------+----------+-------------------------------------------
     0 | D        | Found the +6 Majin-Bo {vamp, Archmagi MP+6 Int+6}
     0 | D        | Found the +7 great mace "Firestarter" {inner flame, rF++}
     0 | D        | Fang the Minotaur Berserker began the quest for the Orb.
     0 | D        | Reached XP level 1. HP: 19/19 MP: 0/0
     3 | D        | Found a blossoming altar of Fedhas.
     4 | D        | Found a viscous altar of Jiyva.
     4 | D        | Found a hazy altar of Hepliaklqana.
     4 | D        | Found a transporter.
     4 | D        | Found an opulent altar of Gozag.
     4 | D        | Found an ancient bone altar of Kikubaaqudgha.
     4 | D        | Found a corrupted altar of Lugonu.
    10 | D        | Found a burning altar of Makhleb.
    11 | D        | Found a stormy altar of Qazlal.
    11 | D        | Found a sacrificial altar of Ru.
    11 | D        | Found an iron altar of Okawaru.
    11 | D        | Found a deep blue altar of Sif Muna.
    11 | D        | Found a sparkling altar of Nemelex Xobeh.
    11 | D        | Found a bloodstained altar of Trog.
    79 | D        | Entered arena 2.
    79 | D        | Noticed a fire elemental
    79 | D        | Found a transporter.
    82 | D        | Killed a fire elemental
    82 | D        | Reached skill level 1 in Polearms
    82 | D        | Reached XP level 2. HP: 36/36 MP: 1/1
    82 | D        | Reached XP level 3. HP: 41/41 MP: 2/2
    82 | D        | Reached XP level 4. HP: 49/49 MP: 3/3
    82 | D        | Reached XP level 5. HP: 56/56 MP: 4/4
    91 | D        | Reached ** piety under Trog
   134 | D        | Entered arena 3.
   134 | D        | Noticed a hell hound
   134 | D        | Noticed a hell hound
   134 | D        | Found a transporter.
   139 | D        | Killed a hell hound
   139 | D        | Reached skill level 5 in Armour
   144 | D        | Killed a hell hound
   144 | D        | Reached skill level 10 in Fighting
   144 | D        | Reached skill level 10 in Axes
   144 | D        | Reached XP level 6. HP: 31/67 MP: 5/5
   146 | D        | Reached *** piety under Trog
   146 | D        | Reached skill level 5 in Dodging
   155 | D        | Reached **** piety under Trog
   349 | D        | Entered arena 4.
   349 | D        | Noticed a troll
   349 | D        | Noticed a two-headed ogre
   349 | D        | Noticed a two-headed ogre
   349 | D        | Found a transporter.
   352 | D        | Killed a two-headed ogre
   352 | D        | Reached XP level 7. HP: 78/78 MP: 6/6
   352 | D        | Reached XP level 8. HP: 85/85 MP: 7/7
   353 | D        | Killed a troll
   356 | D        | Killed a two-headed ogre
   356 | D        | Reached ***** piety under Trog
   398 | D        | Entered arena 5.
   398 | D        | Noticed a rime drake
   398 | D        | Noticed a rime drake
   398 | D        | Found a transporter.
   403 | D        | Killed a rime drake
   403 | D        | Reached XP level 9. HP: 94/96 MP: 8/8
   404 | D        | Killed a rime drake
   409 | D        | Reached skill level 10 in Polearms
   428 | D        | Received a gift from Trog
   432 | D        | Entered arena 6.
   432 | D        | Found a transporter.
   438 | D        | Reached skill level 15 in Fighting
   445 | D        | Received a gift from Trog
   471 | D        | Entered arena 7.
   472 | D        | Found a transporter.
   478 | D        | Received a gift from Trog
   480 | D        | Reached skill level 1 in Stealth
   481 | D        | Reached skill level 10 in Armour
   496 | D        | Reached ****** piety under Trog
   496 | D        | Received a gift from Trog
   498 | D        | Entered arena 8.
   498 | D        | Noticed a rime drake
   498 | D        | Noticed a rime drake
   499 | D        | Found a transporter.
   505 | D        | Killed a rime drake
   508 | D        | Killed a rime drake
   508 | D        | Reached XP level 10. HP: 91/106 MP: 9/9
   512 | D        | Received a gift from Trog
   534 | D        | Got the ring of the Bruised Emperors {rElec rF+ Str+6}
   542 | D        | Received a gift from Trog
   655 | D        | Entered arena 9.
   656 | D        | Found a transporter.
   665 | D        | Received a gift from Trog
   757 | D        | Entered arena 10.
   757 | D        | Noticed a large abomination
   757 | D        | Noticed a tentacled starspawn
   757 | D        | Noticed a tentacled starspawn
   757 | D        | Noticed a smoke demon
   757 | D        | Noticed a glowing orange brain
   759 | D        | Found a transporter.
   768 | D        | Killed a large abomination
   775 | D        | Killed a tentacled starspawn
   775 | D        | Received a gift from Trog
   777 | D        | Killed a tentacled starspawn
   777 | D        | Reached skill level 15 in Polearms
   777 | D        | Reached XP level 11. HP: 96/116 MP: 10/10
   783 | D        | Killed a glowing orange brain
   810 | D        | Received a gift from Trog
   811 | D        | Reached XP level 12. HP: 54/125 MP: 11/11
   814 | D        | Got the ring of the Morning {+Inv MR++ Dex+2}
   832 | D        | Got the +7 long sword of the Countless Wonders {speed, Stlth+}
  1122 | D        | Entered arena 11.
  1122 | D        | Noticed a vault guard
  1122 | D        | Noticed a vault warden
  1122 | D        | Noticed a vault guard
  1122 | D        | Noticed a vault guard
  1124 | D        | Found a transporter.
  1130 | D        | Killed a vault guard
  1130 | D        | Received a gift from Trog
  1137 | D        | Killed a vault guard
  1137 | D        | Reached skill level 1 in Long Blades
  1147 | D        | HP: 1/127 [vault warden/war axe of freezing (14)]
  1147 | D        | Mangled by a shadow wraith

Skill      XL: |  1  2  3  4  5  6  7  8  9 10 11 12 |
---------------+-------------------------------------+-----
Fighting       | 8 10 12 14 15 16 17 | 17.8
Axes           | 8 10 12 13 14 | 14.2
Polearms       | 1 3 7 9 12 15 16 17 | 17.3
Armour         | 4 5 7 9 10 12 13 | 13.6
Dodging        | 4 6 7 8 9 |  9.4
Stealth        | 1 2 3 |  3.6
Staves         | 3 |  3.2
Long Blades    | 1 |  1.4

Action                   |  1- 3 |  4- 6 |  7- 9 | 10-12 || total
-------------------------+-------+-------+-------+-------++-------
Melee: Demon trident     |     2 |    13 |    42 |    49 ||   106
       Headbutt          |     1 |     2 |     9 |    21 ||    33
       Long sword        |       |       |       |    17 ||    17
Invok: Berserk           |     1 |     2 |       |     2 ||     5
       Burn Spellbooks   |       |     2 |     3 |     3 ||     8
Evoke: Wand              |       |       |       |     1 ||     1
  Use: Scroll            |       |     1 |       |       ||     1
       Potion            |       |       |       |     5 ||     5
 Stab: Confused          |       |       |     1 |       ||     1
  Eat: Chunk             |       |       |     2 |     2 ||     4
Armor: Shadow dragon sca |       |    16 |    20 |    59 ||    95
Dodge: Dodged            |       |    20 |    24 |    32 ||    76
       Rpst.: Long sword |       |       |       |     5 ||     5
